 Dungeon Crawl Stone Soup version 0.31-a0-1448-g4a97266 (webtiles) character file.

Game seed: 17326876761547729203

261 samfromsteam the Chopper (level 5, -5/48 HPs)
             Began as a Minotaur Berserker on Dec 27, 2023.
             Was a Believer of Trog.
             Slain by Pikel
             ... wielding a +0 whip of electrocution
              (9 damage)
             ... on level 3 of the Dungeon.
             The game lasted 00:05:01 (2381 turns).

samfromsteam the Chopper (Minotaur Berserker)       Turns: 2381, Time: 00:05:02

Health: -5/48      AC: 16    Str: 24    XL:     5   Next: 96%
Magic:  4/4        EV:  8    Int: 10    God:    Trog [**....]
Gold:   116        SH:  0    Dex: 15    Spells: 4/4 levels left

rFire   . . .        a - +0 hand axe
rCold   . . .        (no shield)
rNeg    . . .        c - +3 plate armour
rPois   .            e - +0 hat {Will+}
rElec   .            (no cloak)
rCorr   .            (no gloves)
SInv    .            l - +0 pair of boots
Will    +++..        (no amulet) Stlth
                     d - +6 ring of dexterity
HPRegen 1.28/turn    f - +6 ring of intelligence
MPRegen 0.09/turn

%: no passive effects
@: strong-willed (expiring), on berserk cooldown, regenerating (expiring),
slowed, very slow
A: horns 2, retaliatory headbutt
a: Renounce Religion, Berserk, Trog's Hand


You were on level 3 of the Dungeon.
You worshipped Trog.
Trog was pleased with you.
You visited 1 branch of the dungeon, and saw 4 of its levels.

You collected 116 gold pieces.

Inventory:

Hand Weapons
 a - a +0 hand axe (weapon)
Armour
 c - a +3 plate armour (worn)
 e - a +0 hat of willpower (worn)
 l - a +0 pair of boots (worn)
Jewellery
 d - a +6 ring of dexterity (left hand)
 f - a +6 ring of intelligence (right hand)
 m - an amulet of faith {!P}
Scrolls
 h - a scroll of enchant armour {unknown}
 n - 2 scrolls of brand weapon {unknown}
 p - a scroll of teleportation {unknown}
 q - a scroll of identify {unknown}
 r - a scroll of revelation {unknown}
Potions
 b - a potion of ambrosia {unknown}
 g - 2 potions of enlightenment {unknown}
 i - 2 potions of attraction {unknown}
 j - a potion of mutation {unknown}
 k - a potion of berserk rage {unknown}
 o - a potion of degeneration {unknown}


   Skills:
 + Level 5.1 Fighting
 + Level 5.1 Axes
 + Level 4.3 Armour
 + Level 3.8 Dodging


You had 4 spell levels left.
You didn't know any spells.
Your spell library contained the following spells:

 Spells                   Type           Power      Damage    Failure   Level
 Necrotise                Necr           0%         1d4       99%         1
 Vampiric Draining        Necr           0%         2d6       100%        3
 Martyr's Knell           Necr/Summ      0%         N/A       100%        4
 Curse of Agony           Necr           0%         N/A       100%        5


Dungeon Overview and Level Annotations

Branches:
Dungeon (4/15)
 Temple: D:4-7

Altars:
Trog
Xom

Annotations:
D:3 Pikel


Innate Abilities, Weirdness & Mutations

You have a pair of horns on your head.
You reflexively headbutt those who attack you in melee.


Message History

You are too injured to fight recklessly!
You are too injured to fight recklessly!
You are too injured to fight recklessly!
You are too injured to fight recklessly!
You are too injured to fight recklessly!
You are too injured to fight recklessly!
You are too injured to fight recklessly!
You are too injured to fight recklessly!
You slash Pikel! Your headbutt misses Pikel.
Pikel is moderately wounded.
Pikel hits you with a +0 whip of electrocution.
You miss Pikel.
Pikel is moderately wounded.
Pikel hits you with a +0 whip of electrocution.
You are electrocuted!!
* * * LOW HITPOINT WARNING * * *
You hit Pikel.
Pikel is moderately wounded.
Pikel hits you but does no damage.
You hit Pikel.
Pikel is heavily wounded.
You barely miss Pikel. You headbutt Pikel!
Pikel is heavily wounded.
You are no longer berserk.
You are exhausted.
You feel yourself slow down.
Pikel says, "You'll feel the lick of my whip!"
Pikel hits you with a +0 whip of electrocution.
* * * LOW HITPOINT WARNING * * *
Your skin crawls.
You feel strong-willed. Pikel closely misses you.
Pikel hits you with a +0 whip of electrocution.
* * * LOW HITPOINT WARNING * * *
You hit Pikel.
Pikel is severely wounded.
You feel the effects of Trog's Hand fading.
Pikel hits you but does no damage.
You are electrocuted!
You die...
Pikel says, "Another soul for the market."

#.......#####.#.###...#..#
#.......#####.#...........
#..........##.##.##..#...#
#######.##.##.##.##..#...#
#.##.##............#
#.......##.#####....
####.#.....# #.##.
###K#.....# #....
#.@.......# #....
#.#.#.....# #....
#####.#.#.....# ##.##
#.......##.#### #...
#.###.####.# #.##
#####.###.####.# #.##
##..............# #.#.
#...#~~...~.#.### #...
#.≈~#~≈~.~.~#.#### #...


You could see Pikel.

Vanquished Creatures
  2 lemures (D:4)
  A scorpion (D:3)
  A hound (D:4)
  Natasha (twice) (D:4)
  3 adders
  2 gnolls (D:4)
  3 worms
  2 orcs
  4 bats
  4 endoplasms
  4 giant cockroaches
  2 goblins
  6 hobgoblins
  8 jackals
  4 quokkas
  5 ball pythons
  5 frilled lizards
  8 kobolds
  7 rats
73 creatures vanquished.

Notes
Turn   | Place    | Note
-------+----------+-------------------------------------------
     0 | D:1      | samfromsteam the Minotaur Berserker began the quest for the
                  | Orb.
     0 | D:1      | Reached XP level 1. HP: 19/19 MP: 0/0
   245 | D:1      | Reached XP level 2. HP: 27/27 MP: 1/1
   594 | D:2      | Reached ** piety under Trog
   626 | D:2      | Reached XP level 3. HP: 32/33 MP: 2/2
  1277 | D:3      | Noticed a scorpion
  1301 | D:3      | Killed a scorpion
  1302 | D:3      | Reached XP level 4. HP: 41/41 MP: 3/3
  1593 | D:3      | Found a shimmering altar of Xom.
  1726 | D:3      | Noticed a moth of wrath
  1729 | D:3      | Found a bloodstained altar of Trog.
  1746 | D:3      | Reached XP level 5. HP: 47/47 MP: 4/4
  2094 | D:4      | Noticed a lemure
  2094 | D:4      | Noticed Pikel
  2094 | D:4      | Noticed a lemure
  2102 | D:4      | Noticed a lemure
  2113 | D:4      | Killed a lemure
  2116 | D:4      | Killed a lemure
  2213 | D:4      | Noticed Natasha
  2221 | D:4      | Killed Natasha
  2254 | D:4      | Reached skill level 5 in Fighting
  2254 | D:4      | Reached skill level 5 in Axes
  2254 | D:4      | Reached *** piety under Trog
  2260 | D:4      | Noticed Natasha
  2329 | D:4      | Killed Natasha
  2371 | D:4      | Noticed a lemure
  2379 | D:3      | HP: 3/48 [Pikel/+0 whip of electrocution (6)]
  2381 | D:3      | Slain by Pikel

Illustrated notes

Levels and vault maps discovered:
D:1:      dpeg_arrival_stone_temple_mockup, layout_rooms
D:2:      layout_rooms, corexii_item_surrounded_by_moat
D:3:      layout_loops_cross, regret_index_xom_buried_treasure, tgw_trog,
          dreamdust_wishing_well, chequers_serial_rivers_marsh
D:4:      layout_basic, dreamdust_gnoll_farm, uniq_natasha, uniq_grinder,
          uniq_pikel

Skill      XL: |  1  2  3  4  5 |
---------------+----------------+-----
Axes           | 4 5 |  5.1
Fighting       | 4 5 |  5.1
Armour         | 3 4 |  4.3
Dodging        | 3 |  3.8

Action                     |  1- 3 |  4- 6 || total
---------------------------+-------+-------++-------
  Melee: Hand axe          |    98 |    95 ||   193
         Headbutt          |    10 |    20 ||    30
         Punch             |     1 |       ||     1
 Invoke: Berserk           |     1 |     1 ||     2
         Trog's Hand       |       |     1 ||     1
 Armour: Plate armour      |    76 |    82 ||   158
  Dodge: Dodged            |    34 |    33 ||    67

Table legend: (Time is in decaauts)
 A = Elapsed time spent in this place.
 B = Non-inter-level travel time spent in this place.
 C = Inter-level travel time spent in this place.
 D = Time resting spent in this place.
 E = Time spent auto-exploring this place.
 F = Levels seen in this place.
 G = Mean time per level.
                   A        B        C        D        E       F      G
               +--------+--------+--------+--------+--------+-----+--------+
         Total |   2407 |   2263 |    144 |    234 |   1524 |   4 |  601.8 |
       Dungeon |   2407 |   2263 |    144 |    234 |   1524 |   4 |  601.8 |
               +--------+--------+--------+--------+--------+-----+--------+

Top non-repeatable levels by time:
     D:3: 941 daAuts
     D:2: 649 daAuts
     D:1: 595 daAuts
     D:4: 221 daAuts
